 Dungeon Crawl Stone Soup version 0.29.1-15-g9cfb28693d (webtiles) character file.

Game seed: 17729997656776490490

51 Grunkalo the Shooter (level 4, -2/34 HPs)
             Began as a Formicid Hunter on Apr 28, 2023.
             Killed from afar by an orc wizard (5 damage)
             ... with a magic dart
             ... on level 3 of the Dungeon.
             The game lasted 00:10:45 (2004 turns).

Grunkalo the Shooter (Formicid Hunter)              Turns: 2004, Time: 00:10:46

Health: -2/34      AC:  3    Str: 15    XL:     4   Next: 5%
Magic:  4/4        EV: 12    Int:  9    God:
Gold:   54         SH:  0    Dex: 19    Spells: 3/3 levels left

rFire   . . .      SeeInvis +   a - +0 shortbow
rCold   . . .      Faith    .   (no shield)
rNeg    . . .      Spirit   .   c - +0 leather armour
rPois   .          Reflect  .   (helmet unavailable)
rElec   .          Harm     .   (no cloak)
rCorr   .          Rampage  .   (no gloves)
Will    .....                   (no boots)
Stlth   ++........              (no amulet)
HPRegen 0.11/turn               (no ring)
MPRegen 0.09/turn               (no ring)

@: no status effects
A: permanent stasis, dig shafts and tunnels, antennae 3, four strong arms
a: Dig, Shaft Self


You were on level 3 of the Dungeon.
You visited 1 branch of the dungeon, and saw 3 of its levels.

You collected 54 gold pieces.

Inventory:

Hand Weapons
 a - a +0 shortbow (weapon)
Missiles
 g - a throwing net
Armour
 c - a +0 leather armour (worn)
Jewellery
 h - an amulet of guardian spirit
Scrolls
 b - a scroll of immolation
 d - a scroll of enchant armour {unknown}
 j - a scroll of poison {unknown}
Potions
 e - 2 potions of brilliance
 f - a potion of haste {unknown}
 i - 2 potions of curing {unknown}


   Skills:
 + Level 2.4 Fighting
 + Level 5.0 Ranged Weapons
 + Level 1.0 Armour
 + Level 1.8 Dodging
 + Level 1.2 Stealth


You had 3 spell levels left.
You didn't know any spells.
Your spell library was empty.

Dungeon Overview and Level Annotations

Branches:
Dungeon (3/15)

Altars:

Shops:
D:2 :


Innate Abilities, Weirdness & Mutations

You cannot be hasted, slowed, berserked, paralysed or teleported.
You can dig through walls and to a lower floor.
You have a pair of large antennae on your head. (SInv)
Your four strong arms can wield two-handed weapons with a shield.


Message History

The puff of flame hits you!
Fire: a) +0 shortbow
Press: ? - help, Shift-Dir - straight line, f/p - orc wizard
Aim: an orc wizard, wielding a +0 dagger and wearing a +0 robe (heavily wounded, 58% to hit)
You shoot an arrow.
The arrow hits the orc wizard but does no damage.
The orc wizard is heavily wounded.
The orc wizard closely misses you.
The orc wizard hits you but does no damage.
Fire: a) +0 shortbow
Press: ? - help, Shift-Dir - straight line, f/p - orc wizard
Aim: an orc wizard, wielding a +0 dagger and wearing a +0 robe (heavily wounded, 58% to hit)
You shoot an arrow. The arrow barely misses the orc wizard.
The arrow hits the orc but does no damage.
The orc wizard points at you and mumbles some strange words.
The magic dart hits you!
* * * LOW HITPOINT WARNING * * *
Fire: a) +0 shortbow
Press: ? - help, Shift-Dir - straight line, f/p - orc wizard
Aim: an orc wizard, wielding a +0 dagger and wearing a +0 robe (heavily wounded, 58% to hit)
You shoot an arrow. The arrow barely misses the orc wizard.
The arrow hits the orc.
The orc is heavily wounded.
The orc wizard barely misses you.
Fire: a) +0 shortbow
Press: ? - help, Shift-Dir - straight line, f/p - orc wizard
Aim: an orc wizard, wielding a +0 dagger and wearing a +0 robe (heavily wounded, 58% to hit)
You shoot an arrow. The arrow hits the orc wizard.
The orc wizard is almost dead.
The orc wizard hits you but does no damage.
Fire: a) +0 shortbow
Press: ? - help, Shift-Dir - straight line, f/p - orc wizard
Aim: an orc wizard, wielding a +0 dagger and wearing a +0 robe (almost dead, 58% to hit)
You shoot an arrow.
The arrow hits the orc wizard but does no damage.
The orc wizard is almost dead.
The orc wizard closely misses you. The orc wizard casts a spell at you.
The magic dart hits you.
You die...

#.## { .. #.. ..
#..# ..o #.# .. .
##.# ..##.##.# .[
#(# ...?. #.###
#.########
###)##.....!
#........#
#........#
###..#####>#
#o#......#
...........#
#o#####.##
.##..#..#..### #@#
# .##..#.......#
#.#
.##........#.###.#
.#####.##........#
.......#####.#####
######.#####.#
#.......# {
#########


You could see an orc wizard and an orc.

Vanquished Creatures
  An adder (D:2)
  3 orcs (D:3)
  2 endoplasms
  3 giant cockroaches
  8 hobgoblins
  4 ball pythons
  3 bats
  4 frilled lizards
  3 goblins
  4 kobolds
  3 rats
38 creatures vanquished.

Notes
Turn   | Place    | Note
-------+----------+-------------------------------------------
     0 | D:1      | Grunkalo the Formicid Hunter began the quest for the Orb.
     0 | D:1      | Reached XP level 1. HP: 16/16 MP: 1/1
    28 | D:1      | Found a faded altar of an unknown god.
   285 | D:1      | Reached XP level 2. HP: 22/22 MP: 2/2
  1089 | D:2      | Reached XP level 3. HP: 28/28 MP: 3/3
  1124 | D:2      | Found Imomm's Book Shoppe.
  1858 | D:3      | Reached skill level 1 in Armour
  1863 | D:3      | Reached skill level 5 in Ranged Weapons
  1988 | D:3      | Reached XP level 4. HP: 31/34 MP: 4/4
  2004 | D:3      | Killed from afar by an orc wizard

Illustrated notes

Levels and vault maps discovered:
D:1:      grunt_arrival_crossed_arrows, layout_basic,
          chequers_ecumenical_altar_island
D:2:      layout_basic, serial_shops, shop
D:3:      layout_loops_cross, grunt_ministairs_12

Skill      XL: |  1  2  3 |
---------------+----------+-----
Armour         | 1 |  1.0
Ranged Weapons | 5 |  5.0
Fighting       | |  2.4
Dodging        | |  1.8
Stealth        | |  1.2

Action                   |  1- 3 |  4- 6 || total
-------------------------+-------+-------++-------
 Fire: Shortbow          |    93 |    17 ||   110
 Abil: Dig               |     1 |       ||     1
  Use: Scroll            |     6 |       ||     6
Armor: Leather armour    |    10 |     3 ||    13
Dodge: Dodged            |    28 |     9 ||    37
